 Dungeon Sprint DCSS version 0.30.1-5-ged363bc7ee (webtiles) character file.

Game seed: 3510958280459424706

28555 Heoruswealwe the Executioner (level 13, 0/143 HPs)
             Began as a Hill Orc Fighter on Sept 19, 2023.
             Was the Champion of Cheibriados.
             Slain by an iron golem (28 damage)
             ... in the Dungeon (Sprint V: "Ziggurat Sprint").
             The game lasted 00:38:15 (1106 turns).

Heoruswealwe the Executioner (Hill Orc Fighter)     Turns: 1106, Time: 00:38:16

Health: 0/143      AC: 39    Str: 54    XL:     13   Next: 39%
Magic:  13/13      EV:  4    Int: 23    God:    Cheibriados [******]
Gold:   0          SH: 40    Dex: 25    Spells: 12/12 levels left

rFire   . . .        a - +16 obsidian axe {drain, demonic, Mesm Drain Fly SInv}
rCold   + . .        d - +18 shield of the Gong {Loud rN+ Will+ rCorr EV-5}
rNeg    + + .        c - +5 gold dragon scales
rPois   +            g - +2 helmet {SInv}
rElec   +            h - +1 cloak {rPois}
rCorr   +            f - +0 pair of gloves of Taph {rElec rN+ Str+3}
SInv    +            e - +1 pair of boots {Stlth+}
Will    ++...        i - amulet of Knowledge {Reflect rElec rPois rF- Will+ SH+5} Stlth
                     k - ring of the Past {Str+6 Slay+3}
HPRegen 0.43/turn    j - +6 ring of strength
MPRegen 0.13/turn

%: no teleportation, reflection
@: spiked, flying, mesmerised, studying 2 skills, very slow
A: subdued magic 1
a: Renounce Religion, Bend Time, Temporal Distortion, Slouch, Step From Time


You were in the Dungeon.
You worshipped Cheibriados.
Cheibriados was exalted by your worship.
You visited 1 branch

Inventory:

Hand Weapons
 a - the +16 obsidian axe (weapon) {drain, demonic, Mesm Drain Fly SInv}
   (You found it in the Dungeon)

   Mesm:      Its wielder is mesmerised by any visible foes, and it cannot be
   unequipped while any foes are visible.
   SInv:      It lets you see invisible.
   Fly:       It grants you flight.
   Drain:     It drains your maximum health when unequipped.
Armour
 c - +5 gold dragon scales (worn)
 d - the +18 shield of the Gong (worn) {Loud rN+ Will+ rCorr EV-5}
   (You found it in the Dungeon)

   Loud:      It is deafeningly noisy when blocking attacks.
   EV:        It affects your evasion (-5).
   rN:        It protects you from negative energy.
   rCorr:     It protects you from acid and corrosion.
   Will:      It increases your willpower.
 e - a +1 pair of boots of stealth (worn)
 f - the +0 pair of gloves of Taph (worn) {rElec rN+ Str+3}
   (You found it in the Dungeon)

   Str:       It affects your strength (+3).
   rElec:     It insulates you from electricity.
   rN:        It protects you from negative energy.
 g - a +2 helmet of see invisible (worn)
 h - a +1 cloak of poison resistance (worn)
 l - the +15 Maxwell's patent armour {-Cast -Tele rElec Will+ rCorr}
   (You found it in the Dungeon)

   rElec:     It insulates you from electricity.
   -Cast:     It prevents spellcasting.
   -Tele:     It prevents most forms of teleportation.
   rCorr:     It protects you from acid and corrosion.
   Will:      It increases your willpower.
Jewellery
 i - the amulet of Knowledge (around neck) {Reflect rElec rPois rF- Will+ SH+5}
   (You found it in the Dungeon)

   [amulet of reflection]

   It reflects blocked missile attacks.
   rF:        It makes you vulnerable to fire.
   rElec:     It insulates you from electricity.
   rPois:     It protects you from poison.
   SH:        It affects your SH (+5).
   Will:      It increases your willpower.
 j - a +6 ring of strength (right hand)
 k - the ring of the Past (left hand) {Str+6 Slay+3}
   (You found it in the Dungeon)

   [ring of strength]

   Str:       It affects your strength (+6).
   Slay:      It affects your accuracy & damage with ranged weapons and melee
   (+3).
Wands
 b - a wand of digging (12)
Scrolls
 A - 4 scrolls of blinking
Potions
 m - 4 potions of resistance
 n - 3 potions of berserk rage
 p - 10 potions of curing
 q - 8 potions of heal wounds
 D - 2 potions of invisibility
 E - 7 potions of might
Miscellaneous
 o - a box of beasts
 r - a tin of tremorstones (2/2)
 s - a lightning rod (4/4)
 t - a piece from Xom's chessboard (15/15)


   Skills:
 + Level 21.0 Fighting
 + Level 24.7 Axes
 + Level 19.4 Armour
 + Level 19.4 Shields


You had 12 spell levels left.
You didn't know any spells.
Your spell library contained the following spells:

 Spells                   Type           Power      Damage    Failure   Level
 Magic Dart               Conj           0%         1d3       52%         1
 Blink                    Tloc           0%         N/A       67%         2
 Searing Ray              Conj           0%         2d4       67%         2
 Static Discharge         Conj/Air       0%         2-2/arc   67%         2
 Hailstorm                Conj/Ice       0%         3d3       88%         3
 Ignite Poison            Fire/Tmut/Pois 0%         N/A       88%         3
 Inner Flame              Hex/Fire       0%         N/A       88%         3
 Ozocubu's Armour         Ice            0%         N/A       88%         3
 Stone Arrow              Conj/Erth      0%         3d7       88%         3
 Summon Guardian Golem    Hex/Summ       0%         N/A       88%         3
 Vhi's Electric Charge    Tloc/Air       0%         N/A       88%         3
 Volatile Blastmotes      Fire/Tloc      0%         2d10      88%         3
 Airstrike                Air            0%         2d(0-16)  99%         4
 Animate Armour           Summ/Erth      0%         N/A       99%         4
 Fulminant Prism          Conj/Hex       0%         3d5       99%         4
 Ice Form                 Ice/Tmut       0%         N/A       99%         4
 Leda's Liquefaction      Hex/Erth       0%         N/A       99%         4
 Passage of Golubria      Tloc           0%         N/A       99%         4
 Sticky Flame             Conj/Fire      0%         2d3       99%         4
 Summon Lightning Spire   Summ/Air       0%         N/A       99%         4
 Arcjolt                  Conj/Air       0%         1d10      100%        5
 Blade Hands              Tmut           0%         N/A       100%        5
 Freezing Cloud           Conj/Ice/Air   0%         6-21      100%        5
 Lee's Rapid Deconstruct  Erth           0%         3d4*      100%        5
 Metabolic Englaciation   Hex/Ice        0%         N/A       100%        5
 Silence                  Hex/Air        0%         N/A       100%        5
 Summon Forest            Summ/Tloc      0%         N/A       100%        5
 Yara's Violent Unravell  Hex/Tmut       0%         3d3       100%        5
 Eringya's Noxious Bog    Tmut/Pois      0%         N/A       100%        6
 Iron Shot                Conj/Erth      0%         9d1       100%        6
 Plasma Beam              Fire/Air       0%         2x1d11    100%        6
 Simulacrum               Ice/Necr       0%         N/A       100%        6
 Statue Form              Tmut/Erth      0%         N/A       100%        6
 Enfeeble                 Hex            0%         N/A       100%        7
 Ozocubu's Refrigeration  Ice            0%         4d7       100%        7
 Summon Hydra             Summ           0%         N/A       100%        7
 Ignition                 Fire           0%         3d3       100%        8
 Lehudib's Crystal Spear  Conj/Erth      0%         10d2      100%        8
 Chain Lightning          Conj/Air       0%         N/A       100%        9
 Fire Storm               Conj/Fire      0%         5d1       100%        9
 Shatter                  Erth           0%         3d5*      100%        9


Dungeon Overview and Level Annotations

Branches:
Dungeon (1/1)

Altars:
Ashenzari
Cheibriados
Dithmenos
Elyvilon
Fedhas
Gozag
Hepliaklqana
Kikubaaqudgha
Makhleb
Nemelex Xobeh
Okawaru
Qazlal
Ru
Sif Muna
Trog
Uskayaw
Vehumet
Wu Jian
Xom
Yredelemnul
Zin
The Shining One
Beogh
Jiyva
Lugonu


Innate Abilities, Weirdness & Mutations

Your spells are a little easier to cast, but a little less powerful.


Message History

* * * LOW HITPOINT WARNING * * *
The iron golem hits you!
* * * LOW HITPOINT WARNING * * *
The iron golem hits you but does no damage.
Your Fighting skill increases to level 21!
You feel much better.
Visions of slaying the crystal echidna flood into your mind.
You block the war gargoyle's attack.
GONNNNG!
You block the war gargoyle's attack.
GONNNNG!
Your ice devil closely misses the crystal echidna.
The crystal echidna throws crystal bolt at you.
The crystal bolt freezes the iron golem.
The iron golem completely resists.
The crystal bolt freezes you! You resist.
* * * LOW HITPOINT WARNING * * *
You block the crystal echidna's attack.
SHROANNG!
You block the Hell Sentinel's attack.
SHROANNG!
The Hell Sentinel hits you!
* * * LOW HITPOINT WARNING * * *
You block the iron golem's attack.
GONNNNG!
The iron golem hits you!
* * * LOW HITPOINT WARNING * * *
You feel much better.
Visions of slaying the Hell Sentinel flood into your mind.
You block the war gargoyle's attack.
GONNNNG!
You block the war gargoyle's attack.
PANG!
Your ice devil barely misses the iron golem.
The crystal echidna bites you but does no damage.
The Hell Sentinel hits you but does no damage.
The Hell Sentinel barely misses you. You block the war gargoyle's attack.
GONNNNG!
The war gargoyle hits you but does no damage.
You partially resist. The iron golem hits you!!
You die...

▓....8©8...
..)[):)|::...▓.....)[.).
▓...|[:|))[...▓..[.|)..).
▓.............▓..........
▓.............▓..........
▓.............▓..........
▓.......9.....▓..........
▓......919....▓).▓.....▓.
▓.....r9@r....▓.▓▓▓...▓▓▓
▓..▓...94..▓..▓..▓.....▓.
▓.............▓.....©....
▓.............▓▓▓▓▓▓▓▓▓▓▓
▓......©......▓....8©8...
▓▓▓▓▓▓▓▓▓▓▓▓▓▓▓..|=/[/.).
▓...).)"?.. ▓..........
▓..........


You could see 3 iron golems, a Hell Sentinel (mesmerising, ally target), 2
crystal echidnas, 2 war gargoyles and a friendly ice devil (summoned).

Vanquished Creatures
  A bone dragon (D)
  A tentacled starspawn (D)
  4 ancient champions (D)
  A revenant (D)
  An iron dragon (D)
  2 war gargoyles (D)
  A red draconian (D)
  A spriggan air mage (D)
  A death knight (D)
  A spriggan berserker (D)
  A thrashing horror (D)
  2 spriggan druids (D)
  An ugly thing (D)
  A wolf spider (D)
  A deep elf pyromancer (D)
  5 toenail golems (D)
  2 gargoyles (D)
  A smoke demon (D)
  2 cane toads (D)
  2 orange demons (D)
  4 komodo dragons (D)
  A guardian mummy (D)
  An ancient zyme (D)
  A polar bear (D)
  A blink frog (D)
  A hornet (D)
  A raiju (D)
  2 wyverns (D)
  A jumping spider (D)
  A wyvern (shapeshifter) (D)
  An air elemental (D)
  2 yaks (D)
  A human (shapeshifter) (D)
  3 large abominations (D)
  A neqoxec (D)
  A fire elemental (D)
  A chaos spawn (D)
  4 water moccasins (D)
  A hell hound (D)
  A small abomination (D)
  A wolf (D)
  A bullfrog (shapeshifter) (D)
  6 earth elementals (D)
  4 scorpions (D)
  2 crimson imps (D)
  2 quasits (D)
  2 mummies (D)
  4 white imps (D)
  5 ufetubi (D)
  An adder skeleton (D)
  A bat zombie (D)
  A jackal skeleton (D)
  A lurking horror (D)
  2 starspawn tentacles (D)
95 creatures vanquished.

Vanquished Creatures (collateral kills)
  A spriggan air mage (D)
  A deep elf pyromancer (D)
  A wolf spider (D)
  An orange demon (D)
  A gargoyle (D)
  A jumping spider (D)
  A spriggan (D)
  A redback (D)
  A small abomination (D)
  A water moccasin (D)
  2 floating eyes (D)
  4 black bears (D)
  A wolf (D)
  2 earth elementals (D)
  A crimson imp (D)
  3 jellies (D)
  A mummy (D)
  A shadow imp (D)
  A white imp (D)
  An endoplasm (D)
27 creatures vanquished.

Vanquished Creatures (others)
  A shadow imp (D)
  A lurking horror (D)
  2 starspawn tentacles (D)
4 creatures vanquished.

Grand Total: 126 creatures vanquished

Notes
Turn   | Place    | Note
-------+----------+-------------------------------------------
     0 | D        | Heoruswealwe the Hill Orc Fighter began the quest for the
                  | Orb.
     0 | D        | Reached XP level 1. HP: 19/19 MP: 1/1
     0 | D        | Found a shimmering blue altar of Sif Muna.
     0 | D        | Found a bloodstained altar of Trog.
     0 | D        | Found a sacrificial altar of Ru.
     0 | D        | Found a stormy altar of Qazlal.
     0 | D        | Found an iron altar of Okawaru.
     2 | D        | Found a sparkling altar of Nemelex Xobeh.
     2 | D        | Found a blossoming altar of Fedhas.
     2 | D        | Found the +6 Majin-Bo {spellvamp, MP+6 Int+6}
     2 | D        | Found the +27 heavy crossbow "Sniper" {heavy, Acc+∞ SInv}
     2 | D        | Found the +10 dark maul {heavy}
     2 | D        | Found the +15 Maxwell's patent armour {-Cast -Tele rElec
                  | Will+ rCorr}
     2 | D        | Found the +18 shield of the Gong {Loud rN+ Will+ rCorr
                  | EV-5}
     2 | D        | Found the +16 obsidian axe {drain, demonic, Mesm Drain Fly
                  | SInv}
     2 | D        | Found the +7 great mace "Firestarter" {flame, immolate,
                  | rFlCloud rF++}
     2 | D        | Found the +6 shillelagh "Devastator" {shatter}
     2 | D        | Found the +11 plutonium sword {Contam Stlth-}
     2 | D        | Found the +8 lance "Wyrmbane" {slay drac, rPois rF+ rC+
                  | AC+3}
     2 | D        | Found the +9 sword of Zonguldrok {reap}
     2 | D        | Found the +13 scythe of Curses {drain, curses, Drain}
     2 | D        | Found the +9 sword of Power {lifebolt}
     2 | D        | Found the +7 mace of Variability {chaos, chaos arc}
     2 | D        | Found the +11 Singing Sword {sonic wave}
     2 | D        | Found the +8 storm bow {elec, penet}
     4 | D        | Found a transporter.
     4 | D        | Found an ancient bone altar of Kikubaaqudgha.
     4 | D        | Found a viscous altar of Jiyva.
     4 | D        | Found a corrupted altar of Lugonu.
     4 | D        | Found a hazy altar of Hepliaklqana.
     4 | D        | Found a burning altar of Makhleb.
     4 | D        | Found an opulent altar of Gozag.
   115 | D        | Became a worshipper of Cheibriados the Contemplative
   151 | D        | Reached skill level 5 in Fighting
   151 | D        | Reached skill level 5 in Axes
   151 | D        | Reached skill level 5 in Armour
   151 | D        | Reached skill level 5 in Shields
   151 | D        | Reached XP level 2. HP: 30/30 MP: 2/2
   171 | D        | Entered arena 2.
   171 | D        | Noticed a scorpion
   171 | D        | Noticed a jumping spider
   171 | D        | Found a transporter.
   174 | D        | Killed a scorpion
   175 | D        | Reached skill level 6 in Axes
   175 | D        | Reached XP level 3. HP: 33/38 MP: 3/3
   175 | D        | Reached XP level 4. HP: 39/45 MP: 4/4
   175 | D        | Killed a jumping spider
   175 | D        | Reached * piety under Cheibriados
   176 | D        | Reached skill level 8 in Axes
   176 | D        | Reached XP level 5. HP: 47/53 MP: 5/5
   194 | D        | Entered arena 3.
   194 | D        | Found a transporter.
   197 | D        | Reached XP level 6. HP: 62/62 MP: 6/6
   198 | D        | Reached skill level 9 in Axes
   200 | D        | Reached ** piety under Cheibriados
   210 | D        | Entered arena 4.
   210 | D        | Noticed a green ugly thing
   210 | D        | Noticed a wyvern
   210 | D        | Noticed a human
   210 | D        | Found a transporter.
   213 | D        | Killed a wyvern
   213 | D        | Reached *** piety under Cheibriados
   214 | D        | Reached skill level 10 in Axes
   214 | D        | Reached XP level 7. HP: 62/71 MP: 7/7
   216 | D        | Killed a green ugly thing
   216 | D        | Killed a human
   217 | D        | Reached skill level 11 in Axes
   217 | D        | Reached skill level 10 in Armour
   217 | D        | Reached skill level 10 in Shields
   217 | D        | Reached XP level 8. HP: 73/82 MP: 8/8
   223 | D        | Got the Encyclopedia of the Ghoulish Singularity
   237 | D        | Entered arena 5.
   237 | D        | Noticed a guardian mummy
   237 | D        | Found a transporter.
   243 | D        | Killed a guardian mummy
   243 | D        | Reached **** piety under Cheibriados
   244 | D        | Reached skill level 12 in Axes
   253 | D        | Got the ring of the Past {Str+6 Slay+3}
   287 | D        | Entered arena 6.
   287 | D        | Noticed an air elemental
   287 | D        | Noticed a deep elf pyromancer
   287 | D        | Noticed a deep elf pyromancer
   287 | D        | Found a transporter.
   287 | D        | Paralysed by an air elemental for 1 turns
   290 | D        | Killed a deep elf pyromancer
   290 | D        | Reached ***** piety under Cheibriados
   291 | D        | Reached skill level 13 in Axes
   291 | D        | Reached XP level 9. HP: 55/92 MP: 9/9
   293 | D        | Killed a deep elf pyromancer
   294 | D        | Reached skill level 14 in Axes
   387 | D        | Entered arena 7.
   387 | D        | Noticed a gargoyle
   387 | D        | Noticed a toenail golem
   387 | D        | Noticed a gargoyle
   387 | D        | Noticed a toenail golem
   387 | D        | Noticed a toenail golem
   388 | D        | Found a transporter.
   391 | D        | Killed a toenail golem
   391 | D        | Killed a gargoyle
   391 | D        | Killed a gargoyle
   391 | D        | Reached ****** piety under Cheibriados
   392 | D        | Reached skill level 15 in Axes
   392 | D        | Reached XP level 10. HP: 103/103 MP: 10/10
   392 | D        | Killed a toenail golem
   393 | D        | Killed a toenail golem
   411 | D        | Entered arena 8.
   412 | D        | Found a transporter.
   413 | D        | Paralysed by a floating eye for 4 turns
   434 | D        | Entered arena 9.
   434 | D        | Noticed a wolf spider
   434 | D        | Noticed a wolf spider
   435 | D        | Found a transporter.
   435 | D        | Killed a wolf spider
   436 | D        | Reached skill level 16 in Axes
   437 | D        | Killed a wolf spider
   438 | D        | Reached skill level 15 in Fighting
   454 | D        | Entered arena 10.
   454 | D        | Noticed a spriggan druid
   454 | D        | Noticed a spriggan rider
   455 | D        | Found a transporter.
   458 | D        | Killed a spriggan druid
   459 | D        | Reached skill level 17 in Axes
   459 | D        | Reached XP level 11. HP: 114/114 MP: 11/11
   478 | D        | Got the amulet of Ixtyvikk {Reflect Fragile rPois rF+++
                  | Will- SH+5}
   496 | D        | Entered arena 11.
   497 | D        | Found a transporter.
   505 | D        | Reached skill level 15 in Armour
   505 | D        | Reached skill level 15 in Shields
   523 | D        | Got Loetz's Quarto of Summoned Geomancy
   555 | D        | Entered arena 12.
   555 | D        | Noticed a spriggan berserker
   555 | D        | Noticed a spriggan air mage
   557 | D        | Found a transporter.
   563 | D        | Reached skill level 18 in Axes
   569 | D        | Killed a spriggan berserker
   573 | D        | Killed a spriggan air mage
   668 | D        | Entered arena 13.
   668 | D        | Noticed a spriggan air mage
   668 | D        | Noticed a spriggan druid
   676 | D        | Noticed a sun demon
   677 | D        | Reached skill level 19 in Axes
   677 | D        | Killed a spriggan druid
   679 | D        | Reached XP level 12. HP: 107/127 MP: 12/12
   681 | D        | Found a transporter.
   681 | D        | Killed a spriggan air mage
   725 | D        | Entered arena 14.
   728 | D        | Found a transporter.
   741 | D        | Reached skill level 20 in Axes
   759 | D        | Got the amulet of Knowledge {Reflect rElec rPois rF- Will+
                  | SH+5}
   772 | D        | Got Ereshkigal's Handbook of Trauma
   791 | D        | Entered arena 15.
   795 | D        | Noticed a thrashing horror
   795 | D        | Noticed a tentacled starspawn
   795 | D        | Noticed a death knight
   802 | D        | Killed a thrashing horror
   809 | D        | Killed a tentacled starspawn
   810 | D        | Reached skill level 21 in Axes
   813 | D        | Killed a death knight
   822 | D        | Found a transporter.
   836 | D        | Got the +0 pair of gloves of Taph {rElec rN+ Str+3}
   844 | D        | Got the amulet of the Fortifying Jester {RegenMP *Corrode
                  | Regen+ Str+4}
   947 | D        | Entered arena 16.
   952 | D        | Noticed a revenant
   952 | D        | Noticed a red draconian
   952 | D        | Noticed a bone dragon
   965 | D        | Killed a bone dragon
   966 | D        | Reached skill level 22 in Axes
   966 | D        | Gained mutation: Your spells are a little easier to cast,
                  | but a little less powerful. [a neqoxec]
   970 | D        | Killed a red draconian
   974 | D        | Killed a revenant
   976 | D        | Reached skill level 23 in Axes
   976 | D        | Found a transporter.
  1090 | D        | Entered arena 17.
  1093 | D        | Noticed an ancient champion
  1093 | D        | Noticed an iron golem
  1093 | D        | Noticed a crystal echidna
  1093 | D        | Noticed an ancient champion
  1093 | D        | Noticed an ancient champion
  1093 | D        | Noticed a war gargoyle
  1093 | D        | Noticed an iron dragon
  1093 | D        | Noticed an ancient champion
  1093 | D        | Noticed a crystal echidna
  1093 | D        | Noticed a war gargoyle
  1093 | D        | Noticed an iron golem
  1094 | D        | Noticed a Hell Sentinel
  1094 | D        | Noticed a war gargoyle
  1094 | D        | Noticed a war gargoyle
  1095 | D        | Noticed an iron golem
  1096 | D        | Killed a war gargoyle
  1097 | D        | Reached XP level 13. HP: 127/139 MP: 13/13
  1099 | D        | Killed an ancient champion
  1100 | D        | Killed an iron dragon
  1100 | D        | Killed an ancient champion
  1101 | D        | Reached skill level 24 in Axes
  1101 | D        | Killed an ancient champion
  1104 | D        | Killed an ancient champion
  1104 | D        | Killed a war gargoyle
  1105 | D        | HP: 2/143 [iron golem (8)]
  1106 | D        | Slain by an iron golem

Illustrated notes

Levels and vault maps discovered:
D:        sprint_v [room_start, room_1, room_2, room_3, room_4, room_5, room_6,
          room_7, room_8, room_9, room_10, room_11, room_12, room_13, room_14,
          room_15, room_16, room_17, room_18, room_19, room_20, room_21,
          room_22, room_23, room_24, room_25, room_26, room_27]

Skill      XL: |  1  2  3  4  5  6  7  8  9 10 11 12 13 |
---------------+----------------------------------------+-----
Fighting       | 5 6 8 9 11 12 14 15 18 20 21 | 21.0
Axes           | 5 6 8 10 11 13 15 17 19 23 24 | 24.7
Armour         | 5 6 7 9 10 11 13 14 16 18 19 | 19.4
Shields        | 5 6 7 9 10 11 13 14 16 18 19 | 19.4

Action                     |  1- 3 |  4- 6 |  7- 9 | 10-12 | 13-15 || total
---------------------------+-------+-------+-------+-------+-------++-------
  Melee: Broad axe         |     3 |     8 |    15 |   108 |     8 ||   142
    Use: Potion            |     1 |       |       |       |     2 ||     3
   Stab: Distracted        |       |       |       |     2 |     1 ||     3
 Armour: Gold dragon scale |     3 |     2 |     4 |    39 |    11 ||    59
  Dodge: Dodged            |       |     1 |     2 |     5 |     3 ||    11
  Block: Kite shield       |    10 |    12 |    19 |   126 |    30 ||   197
         Reflection        |       |       |       |     1 |       ||     1
